AoeStats
← NTM.daniel.echeverri3

Arabia

510515230Analyzed
1v1 RM · 2d ago on Oct 1, 2026· 54m 38s· 2 players
Game mode
Random Map
Map size
Tiny (2 player)
Population
200
Speed
Normal
Resources
Standard
Victory
Conquest
Starting age
Dark Age
Ending age
Imperial Age
RankedLock teamsTeams togetherTeam positionsShared explorationLock speedFull tech treeHidden civsTurbo modeCheats
Victory
Defeat
🇨🇴 Magyars · Colombia
1075
+16
🇧🇷 Japanese · Brazil
1076
-16
NTM.daniel.echeverri3
5:23 Loom
9:27 Feudal Age
22:40 Castle Age
21:08 Double-Bit Axe
21:17 Horse Collar
22:06 Fletching
22:40 Padded Archer Armor
24:03 Bodkin Arrow
27:39 Leather Archer Armor
31:56 Wheelbarrow
39:30 Imperial Age
39:07 Corvinian Army
41:25 Conscription
45:42 Parthian Tactics
45:23 Thumb Ring
45:25 Scale Barding Armor
46:30 Husbandry
46:41 Bloodlines
48:10 Light Cavalry
51:08 Hussar
53:02 Bracer
53:32 Ring Archer Armor
guilherme
6:06 Loom
9:57 Feudal Age
10:03 Man-at-Arms
23:12 Castle Age
21:18 Double-Bit Axe
22:06 Horse Collar
23:15 Pikeman
36:23 Fletching
40:11 Scale Mail Armor
40:22 Forging
47:38 Iron Casting
47:19 Chain Mail Armor
Connection lost

Rejoining the realm…

Still unreachable

The connection could not be restored.

Session expired

The server has moved on; the page needs a fresh start.